 Dungeon Sprint DCSS version 0.22.0-18-ge075c0d (webtiles) character file.

272 poirepourri the Severer (level 8, -4/129 HPs)
             Began as a Minotaur Fighter on Aug 18, 2018.
             Was an Initiate of Gozag.
             Slain by an 11-headed hydra (13 damage)
             ... summoned by a witch
             ... in the Dungeon (Sprint VI: "Thunderdome").
             The game lasted 00:05:09 (835 turns).

poirepourri the Severer (Minotaur Fighter)           Turns: 835, Time: 00:05:10

Health: -4/129     AC:  6    Str: 30    XL:     8   Next: 85%
Magic:  7/7        EV: 10    Int:  5    God:    Gozag
Gold:   1006       SH: 11    Dex: 20    Spells: 7/7 levels left

rFire    . . .     SeeInvis .   a - +0 war axe
rCold    . . .     Gourm    +   c - +0 shield
rNeg     . . .     Faith    .   b - +0 scale mail
rPois    .         Spirit   .   (helmet restricted)
rElec    +         Reflect  .   (no cloak)
rCorr    +         Harm     .   (no gloves)
MR       +++..     NoTele   +   (no boots)
Stlth    ..........             q - amulet of Incredulity {Gourm rElec Dex+4}
HPRegen  0.31/turn              p - ring "Epnu" {rCorr +Blink MR++ Dex+4}
MPRegen  0.10/turn              t - ring of the King {MR+ EV+3 Str+4}

@: berserking, very quick
A: retaliatory headbutt, horns 2
a: Potion Petition, Call Merchant, Bribe Branch, Renounce Religion, Evoke Blink


You were in the Dungeon.
You worshipped Gozag.
Gozag was most pleased with you.
You were not hungry.

You visited 1 branch You collected 1716 gold pieces.
You spent 450 gold pieces at shops.
You paid 260 gold pieces to Gozag.

Inventory:

Hand Weapons
 a - a +0 war axe (weapon)
Armour
 b - a +0 scale mail (worn)
 c - a +0 shield (worn)
Jewellery
 p - the ring "Epnu" (left hand) {rCorr +Blink MR++ Dex+4}
   (You bought it in a shop in the Dungeon)

   [ring of resist corrosion]

   It affects your dexterity (+4).
   It affects your resistance to hostile enchantments.
   It lets you blink.
 q - the amulet of Incredulity (around neck) {Gourm rElec Dex+4}
   (You bought it in a shop in the Dungeon)

   [amulet of the gourmand]

   It allows you to eat raw meat even when not hungry.
   It affects your dexterity (+4).
   It insulates you from electricity.
 s - the ring "Yguf" {rCorr rF++}
   (You bought it in a shop in the Dungeon)

   [ring of resist corrosion]

   It greatly protects you from fire.
 t - the ring of the King (right hand) {MR+ EV+3 Str+4}
   (You bought it in a shop in the Dungeon)

   [ring of evasion]

   It affects your evasion (+3).
   It affects your strength (+4).
   It affects your resistance to hostile enchantments.
 u - the ring of Xom's Capriciousness {rF- rN+++ Int+3 Dex+2 Stlth+}
   (You bought it in a shop in the Dungeon)

   [ring of stealth]

   It affects your intelligence (+3).
   It affects your dexterity (+2).
   It makes you vulnerable to fire.
   It renders you almost immune to negative energy.
   It makes you more stealthy.
 w - the ring "Ypekokiu" {rPois rC- Dex+9 Stlth-}
   (You bought it in a shop in the Dungeon)

   [ring of attention]

   It affects your dexterity (+9).
   It makes you vulnerable to cold.
   It protects you from poison.
   It makes you less stealthy.
Wands
 m - a wand of acid (4)
 n - a wand of iceblast (5)
 r - a wand of flame (14)
Scrolls
 k - 4 scrolls of blinking
 o - 2 scrolls of fog
Potions
 e - a potion of curing
 g - 3 potions of heal wounds
 h - 4 potions of haste
 i - 2 potions of magic
 j - a potion of berserk rage
 l - a potion of resistance
Comestibles
 f - a ration


   Skills:
 + Level 13.5 Fighting
 - Level 18.1 Axes
 - Level 3.6 Armour
 - Level 3.6 Shields


You had 7 spell levels left.
You didn't know any spells.
Your spell library was empty.

Dungeon Overview and Level Annotations

Branches:
Dungeon (1/1)

Altars:
Cheibriados
Dithmenos
Fedhas
Gozag
Kikubaaqudgha
Makhleb
Okawaru
Qazlal
Ru
Sif Muna
Trog
Uskayaw
Vehumet
Wu Jian
Xom
Yredelemnul
Zin
The Shining One
Beogh
Jiyva
Lugonu

Shops:
D *[%??*?*:[((!!!!


Innate Abilities, Weirdness & Mutations

You reflexively headbutt those who attack you in melee.
You have a pair of horns on your head.


Message History

* * * LOW HITPOINT WARNING * * *
The nine-headed hydra bites you!
* * * LOW HITPOINT WARNING * * *
Something hits you but does no damage.
Unknown command.
Unknown command.
You slash something! You headbutt something!!
You hack one of the nine-headed hydra's heads off!
The eight-headed hydra grows two more!
You slash the ten-headed hydra!
Unknown command.
Unknown command.
You slash something!
You hack one of the ten-headed hydra's heads off!
The nine-headed hydra grows two more!
You slice the 11-headed hydra!! The 11-headed hydra bites you.
* * * LOW HITPOINT WARNING * * *
The 11-headed hydra completely misses you.
The 11-headed hydra bites you!
You die...
Your body crumbles into a pile of gold.

##### ##⌠⌠⌠## #.....# ##.....##
##∩.....∩## #∩.......∩#
#_......._# #_..§§§.._#
#_..@§§§._# ###..{D§§...###
#⌠....§.....[⌠#
######.8..[§.....8.######
##∩___......###......___∩##
###∩........8.# #.8........∩###
##.=)..........###.............#
#⌠..........###...###..........⌠
#⌠..........# #.<.# #..........⌠


You could see a 11-headed hydra.

Vanquished Creatures
  Pikel (D)
  A spiny frog (D)
  A queen bee (D)
  Sigmund (D)
  Grum (D)
  2 wolves (D)
  A big kobold (D)
  5 killer bees (D)
  2 hounds (D)
  Ijyb (D)
  A gnoll (D)
  A bat (D)
  2 goblins (D)
  A hobgoblin (D)
  A jackal (D)
  A rat (D)
23 creatures vanquished.

Notes
Turn   | Place    | Note
-------+----------+-------------------------------------------
     0 | D        | poirepourri the Minotaur Fighter began the quest for the Orb.
     0 | D        | Reached XP level 1. HP: 19/19 MP: 0/0
     3 | D        | Found a radiant altar of Vehumet.
     3 | D        | Found a hide-covered altar of Uskayaw.
     4 | D        | Found a glowing silver altar of Zin.
     4 | D        | Found a shimmering altar of Xom.
     5 | D        | Found a burning altar of Makhleb.
     5 | D        | Found a glowing golden altar of the Shining One.
     5 | D        | Round 1.
     6 | D        | Found Qutusena's Delicious Food.
     6 | D        | Found a corrupted altar of Lugonu.
     6 | D        | Found Tuqap's Identification Station.
     7 | D        | Found Imaen's Jewellery.
     7 | D        | Found Tathresa's Advanced Armour.
    12 | D        | Reached skill level 5 in Axes
    12 | D        | Reached XP level 2. HP: 26/26 MP: 1/1
    16 | D        | Bought a warped amber ring for 45 gold pieces
    16 | D        | Bought a faintly glowing tin ring for 45 gold pieces
    16 | D        | Bought a flickering amethyst amulet for 45 gold pieces
    16 | D        | Identified the ring "Epnu" {rCorr +Blink MR++ Dex+4} (You bought it in a shop in the Dungeon)
    17 | D        | Identified the ring of Wuagh {rF+ MR+ Int+2 Dex-4} (You bought it in a shop in the Dungeon)
    18 | D        | Identified the amulet of Okawaru's Esteem {Gourm rElec rC+ rN+ Slay-6} (You bought it in a shop in the Dungeon)
    19 | D        | Bought a vibrating steel ring for 45 gold pieces
    20 | D        | Identified the ring "Yguf" {rCorr rF++} (You bought it in a shop in the Dungeon)
    28 | D        | Found a roughly hewn altar of Beogh.
    33 | D        | Found an iron altar of Okawaru.
    33 | D        | Found Joqiob's Premium Goods.
    33 | D        | Found Pofochan's Miscellaneous Merchandise.
    34 | D        | Found Xuugg's Basic Armour.
    35 | D        | Found an opulent altar of Gozag.
    35 | D        | Found a snail-covered altar of Cheibriados.
    35 | D        | Found Weragav's Weapon Rack.
    39 | D        | Found a deep blue altar of Sif Muna.
    40 | D        | Found a bloodstained altar of Trog.
    44 | D        | Became a worshipper of Gozag Ym Sagoz the Greedy
    70 | D        | Reached skill level 6 in Axes
    77 | D        | Noticed Sigmund
    80 | D        | Found a blossoming altar of Fedhas.
    81 | D        | Found a viscous altar of Jiyva.
    81 | D        | Found an ornate altar of the Wu Jian Council.
    81 | D        | Found a basalt altar of Yredelemnul.
    81 | D        | Found Silom's Magic Scroll Shop.
    81 | D        | Found Onwur's Staff Store.
    82 | D        | Killed Sigmund
    82 | D        | Reached skill level 12 in Axes
    82 | D        | Reached XP level 3. HP: 30/31 MP: 2/2
    82 | D        | Reached XP level 4. HP: 38/39 MP: 3/3
    82 | D        | Reached XP level 5. HP: 44/45 MP: 4/4
    83 | D        | Found Hann's Magic Scroll Shop.
    83 | D        | Found Curgh's Must-Have Magic.
    87 | D        | Found a sacrificial altar of Ru.
    88 | D        | Found an ancient bone altar of Kikubaaqudgha.
    89 | D        | Found a stormy altar of Qazlal.
    90 | D        | Found Giro's Distillery.
    91 | D        | Found Yxacri's Distillery.
    91 | D        | Found Tagat's Bottled Wisdom.
    92 | D        | Found a shadowy altar of Dithmenos.
    92 | D        | Found Zuxam's Do-It-Yourself Clinic.
   136 | D        | Arena points: 12 (+12) [x2]
   149 | D        | Bought a crude amethyst amulet for 45 gold pieces
   149 | D        | Bought a crude bronze ring for 45 gold pieces
   150 | D        | Identified the ring "Monilat" {Wiz *Slow rN+ Dex+2} (You bought it in a shop in the Dungeon)
   151 | D        | Identified the amulet of Incredulity {Gourm rElec Dex+4} (You bought it in a shop in the Dungeon)
   152 | D        | Bought a sparkling pewter ring for 45 gold pieces
   153 | D        | Identified the ring of Xom's Capriciousness {rF- rN+++ Int+3 Dex+2 Stlth+} (You bought it in a shop in the Dungeon)
   154 | D        | Bought a faintly glowing glass ring for 45 gold pieces
   155 | D        | Identified the ring of Optimism {*Slow MR+ Str+2 Stlth+} (You bought it in a shop in the Dungeon)
   168 | D        | Round 2.
   193 | D        | Noticed Pikel
   213 | D        | Killed Pikel
   213 | D        | Reached skill level 17 in Axes
   213 | D        | Reached XP level 6. HP: 21/51 MP: 5/5
   213 | D        | Reached XP level 7. HP: 23/57 MP: 6/6
   247 | D        | Reached skill level 18 in Axes
   257 | D        | Noticed Ijyb
   265 | D        | Killed Ijyb
   349 | D        | Arena points: 48 (+36) [x3]
   384 | D        | Bought a crude silver ring for 45 gold pieces
   384 | D        | Bought a faintly glowing steel ring for 45 gold pieces
   385 | D        | Identified the ring "Ypekokiu" {rPois rC- Dex+9 Stlth-} (You bought it in a shop in the Dungeon)
   387 | D        | Identified the ring of the King {MR+ EV+3 Str+4} (You bought it in a shop in the Dungeon)
   394 | D        | Round 3.
   409 | D        | Reached skill level 5 in Fighting
   439 | D        | Noticed Grum
   448 | D        | Killed Grum
   448 | D        | Reached XP level 8. HP: 67/75 MP: 7/7
   511 | D        | Arena points: 132 (+84) [x4]
   580 | D        | Round 4.
   607 | D        | Reached skill level 10 in Fighting
   681 | D        | Noticed a queen bee
   696 | D        | Killed a queen bee
   696 | D        | Arena points: 272 (+140) [x5]
   740 | D        | Round 5.
   803 | D        | Noticed a spiny frog
   806 | D        | Noticed a witch
   809 | D        | Killed a spiny frog
   825 | D        | Noticed a four-headed hydra
   835 | D        | Slain by an 11-headed hydra

Skill      XL: |  1  2  3  4  5  6  7  8 |
---------------+-------------------------+-----
Axes           | 5 12 17 18 | 18.1
Fighting       | 8 13 | 13.5
Armour         | |  3.6
Shields        | |  3.6

Action                   |  1- 3 |  4- 6 |  7- 9 || total
-------------------------+-------+-------+-------++-------
Melee: War axe           |     3 |    18 |    75 ||    96
       Headbutt          |     2 |     7 |    24 ||    33
Invok: Potion Petition   |       |       |     2 ||     2
Evoke: Wand              |     1 |       |       ||     1
  Use: Potion            |       |       |     2 ||     2
       Scroll            |       |       |     1 ||     1
Armor: Scale mail        |     2 |     1 |    27 ||    30
Dodge: Dodged            |     2 |     4 |    22 ||    28
Block: Shield            |     3 |     7 |    37 ||    47
